 Dungeon Crawl Stone Soup version 0.23-a0-642-g3120c2f (console) character file.

308 Duffy the Thaumaturge (level 6, 42/42 HPs)
             Began as a Demonspawn Fire Elementalist on Dec 30, 2018.
             Quit the game on level 4 of the Dungeon.
             The game lasted 00:03:08 (3010 turns).

Duffy the Thaumaturge (DsFE)                        Turns: 3010, Time: 00:03:08

Health: 42/42      AC:  5    Str:  8    XL:     6   Next: 16%
Magic:  12/19      EV: 12    Int: 19    God:
Gold:   75         SH:  0    Dex: 13    Spells: 12/25 levels left

rFire    . . .     SeeInvis .   h - +0 short sword
rCold    . . .     Gourm    .   (no shield)
rNeg     . . .     Faith    .   a - +0 robe
rPois    .         Spirit   .   f - +1 helmet
rElec    .         Reflect  .   (no cloak)
rCorr    .         Harm     .   (no gloves)
MR       .....                  (no boots)
Stlth    ++........             (no amulet)
HPRegen  0.14/turn              b - ring of wizardry
MPRegen  0.16/turn              d - ring of wizardry

@: no status effects
A: claws 2, rugged brown scales 1, rot immunity
a: no special abilities


You were on level 4 of the Dungeon.
You were not hungry.

You visited 1 branch of the dungeon, and saw 4 of its levels.

You collected 75 gold pieces.

Inventory:

Hand Weapons
 h - a +0 short sword (weapon)
 m - a +0 blowgun
Armour
 a - a +0 robe (worn)
 f - a +1 helmet (worn)
Jewellery
 b - a ring of wizardry (left claw)
 d - a ring of wizardry (right claw)
Wands
 l - a wand of clouds (2)
 n - a wand of polymorph (9)
Scrolls
 e - 3 scrolls of identify {unknown}
 g - a scroll of remove curse {unknown}
 i - 2 scrolls of teleportation {unknown}
 j - a scroll of enchant weapon {unknown}
 k - a scroll of blinking {unknown}
 o - a scroll of magic mapping {unknown}
 p - 2 scrolls of enchant armour {unknown}
 r - a scroll of immolation {unknown}
 s - a scroll of amnesia {unknown}
 u - a scroll of fog {unknown}
Potions
 q - 2 potions of curing {unknown}
 t - a potion of agility {unknown}
Comestibles
 c - 6 rations


   Skills:
 - Level 1.7 Dodging
 - Level 1.7 Stealth
 - Level 10.0 Spellcasting
 + Level 3.1 Conjurations
 + Level 3.8 Fire Magic


You had 12 spell levels left.
You knew the following spells:

 Your Spells              Type           Power        Failure   Level  Hunger
h - Flame Tongue          Conj/Fire      ###..        1%          1    None
j - Sticky Flame          Conj/Fire      ###.....     5%          4    ##.....
k - Fireball              Conj/Fire      ###.......   13%         5    #####..
l - Conjure Flame         Conj/Fire      ###.....     1%          3    None

Your spell library contained the following spells:

 Spells                   Type           Power        Failure   Level  Hunger
 Throw Flame              Conj/Fire      ###...       1%          2    None
 Inner Flame              Hex/Fire       ###.....     2%          3    None


Dungeon Overview and Level Annotations

Branches:
Dungeon (4/15)
 Temple: D:4-7

Altars:
Okawaru


Innate Abilities, Weirdness & Mutations

You have very sharp fingernails.
You are partially covered in rugged brown scales. (AC +1, +3% HP)
You are immune to rotting.


Message History

Aim: Sigmund, wielding a +0 scythe and wearing a +0 robe (lightly wounded, The flame tongue hits Sigmund.
Sigmund is heavily wounded.
Sigmund burns!
Casting: Flame Tongue (safe; 1% risk of failure)
Confirm with . or Enter, or press ? or * to list all spells.
Aiming: Flame Tongue (safe; 1% risk of failure)
Press: ? - help, Shift-Dir - straight line, f/p - Sigmund
Aim: Sigmund, wielding a +0 scythe and wearing a +0 robe (severely wounded, The flame tongue hits Sigmund.
Sigmund is almost dead.
Sigmund burns!
You kill Sigmund!
Your Conjurations skill increases to level 3!
You have reached level 6!
Your experience leads to an increase in your attributes!
Increase (S)trength, (I)ntelligence, or (D)exterity?
You feel clever.
Your demonic ancestry asserts itself...
You feel immune to rotting.
Are you sure you want to abandon this character and quit the game? (Confirm

#.# #.# #. #.# #.#
#.# #.# #.# #.#
##.####### #.#
#)..).....
##.######## #.@#
..........# #..#
.......##.# #..#
##.###.##.# ###..#
##.# #.##.###....#
##.###........#.##
..............#.#
###.##........#..#
..#.##........##.#


There were no monsters in sight!

Vanquished Creatures
  Sigmund (D:4)
  An iguana (D:4)
  Terence (D:3)
  2 adders
  2 worms
  A dart slug (D:1)
  3 orcs
  A giant cockroach (D:2)
  2 hobgoblins
  7 kobolds
  A quokka (D:3)
  3 bats (D:1)
  A frilled lizard (D:1)
  2 goblins (D:1)
  4 rats
32 creatures vanquished.

Notes
Turn   | Place    | Note
-------+----------+-------------------------------------------
     0 | D:1      | Duffy the Demonspawn Fire Elementalist began the quest for
                  | the Orb.
     0 | D:1      | Reached XP level 1. HP: 13/13 MP: 3/3
   424 | D:1      | Found an iron altar of Okawaru.
   433 | D:1      | Gained mutation: You are partially covered in rugged brown
                  | scales. (AC +1, +3% HP) [demonic ancestry]
   433 | D:1      | Reached XP level 2. HP: 13/19 MP: 1/5
  1688 | D:2      | Reached XP level 3. HP: 24/24 MP: 4/6
  1693 | D:2      | Learned a level 3 spell: Conjure Flame
  1975 | D:2      | Reached skill level 10 in Spellcasting
  1975 | D:2      | Gained mutation: You have sharp fingernails. [demonic
                  | ancestry]
  1975 | D:2      | Reached XP level 4. HP: 14/30 MP: 2/16
  2155 | D:2      | Learned a level 4 spell: Sticky Flame
  2631 | D:3      | Noticed Terence
  2646 | D:3      | Killed Terence
  2817 | D:4      | Gained mutation: You have very sharp fingernails. [demonic
                  | ancestry]
  2817 | D:4      | Reached XP level 5. HP: 36/36 MP: 13/17
  2824 | D:4      | Learned a level 5 spell: Fireball
  3002 | D:4      | Noticed Sigmund
  3009 | D:4      | Killed Sigmund
  3009 | D:4      | Gained mutation: You are immune to rotting. [demonic
                  | ancestry]
  3009 | D:4      | Reached XP level 6. HP: 42/42 MP: 12/19
  3010 | D:4      | Quit the game

Vault maps used:
D:1:      dpeg_arrival_windows_large_door, okawaru_ov_weapons_minmay
D:2:      minivault_25, minivault_25
D:3:      minmay_goblin_kobold_castle, kennysheep_cluttered_room, uniq_terence
D:4:      lemuel_round_altar, grunt_temple_overflow_order_and_chaos_2,
          first_ration, uniq_menkaure, uniq_sigmund

Skill      XL: |  1  2  3  4  5 |
---------------+----------------+-----
Fire Magic     | 3 |  3.8
Spellcasting   | 10 | 10.0
Conjurations   | 2 3 |  3.1
Dodging        | |  1.7
Stealth        | |  1.7

Action                   |  1- 3 |  4- 6 || total
-------------------------+-------+-------++-------
Melee: Unarmed           |     4 |       ||     4
       Short sword       |     2 |       ||     2
 Cast: Flame Tongue      |    43 |    30 ||    73
       Sticky Flame      |       |     1 ||     1
  Use: Potion            |     1 |     1 ||     2
  Eat: Chunk             |     4 |       ||     4
       Ration            |       |     1 ||     1
Armor: Robe              |     9 |     3 ||    12
Dodge: Dodged            |    19 |    10 ||    29

Table legend:
 A = Non-vault XP
 B = Vault XP
 C = Vault XP percentage of total XP
 D = Non-vault monster count
 E = Vault monster count
 F = Vault count percentage of total count
                 A         B        C        D         E       F
            +---------+---------+-------+---------+---------+-------
      Total |     115 |     263 |  69.6 |      30 |       2 |   6.2
            +---------+---------+-------+---------+---------+-------
        D:1 |      17 |       0 |   0.0 |      11 |       0 |   0.0
        D:2 |      26 |       0 |   0.0 |       8 |       0 |   0.0
        D:3 |      19 |      36 |  65.5 |       8 |       1 |  11.1
        D:4 |      53 |     227 |  81.1 |       3 |       1 |  25.0
            +---------+---------+-------+---------+---------+-------
